 Dungeon Crawl Stone Soup version 0.25.1-2-g60ff931df9 (webtiles) character file.

Game seed: 529920073739335283

14357 Amplified the Fighter (level 11, -4/101 HPs)
             Began as a Demigod Transmuter on Oct 9, 2020.
             Slain by an orc warrior
             ... wielding a +0 halberd
              (13 damage)
             ... while paralysed by an orc sorcerer
             ... on level 2 of the Orcish Mines on Oct 10, 2020.
             The game lasted 00:30:25 (18361 turns).

Amplified the Fighter (Demigod Transmuter)         Turns: 18361, Time: 00:30:26

Health: -4/101     AC:  9    Str: 23      XL:     11   Next: 57%
Magic:  26/26      EV:  2    Int: 20 (21) God:
Gold:   712        SH:  0    Dex: 16      Spells: 5/13 levels left

rFire    . . .     SeeInvis .   t - +7 spear of Fortitude {protect, Str+4 Int+4}
rCold    . . .     Gourm    .   (no shield)
rNeg     . . .     Faith    .   B - +2 leather armour {MR+}
rPois    .         Spirit   .   q - +2 helmet
rElec    .         Reflect  .   (no cloak)
rCorr    .         Harm     .   (no gloves)
MR       ++...                  (no boots)
Stlth    +.........             (no amulet)
HPRegen  0.26/turn              c - ring of magical power
MPRegen  0.20/turn              (no ring)

@: paralysed
A: high mp 1
a: no special abilities


You were on level 2 of the Orcish Mines.
You were very hungry.

You visited 2 branches of the dungeon, and saw 13 of its levels.
You also visited: Ossuary.

You collected 872 gold pieces.
You spent 160 gold pieces at shops.

Inventory:

Hand Weapons
 e - a +1 spear of venom
 i - a +3 broad axe
 j - a +2 vampiric long sword
 t - the +7 spear of Fortitude (weapon) {protect, Str+4 Int+4}
   (You took it off a big kobold on level 8 of the Dungeon)

   It grants its wielder temporary protection when it strikes (+7 to AC).
   It affects your strength (+4).
   It affects your intelligence (+4).
Missiles
 a - 257 arrows
 v - 14 poisoned darts (quivered)
Armour
 b - a +0 robe
 l - a +0 troll leather armour
 n - a +0 scale mail
 o - a +1 kite shield
 q - a +2 helmet (worn)
 B - a +2 leather armour of magic resistance (worn)
Jewellery
 c - a ring of magical power (left hand)
 x - an uncursed ring of protection from fire
Wands
 m - a wand of disintegration (3)
 D - a wand of polymorph (9)
 E - a wand of digging (7)
 G - a wand of flame (11)
 H - a wand of iceblast (5)
Scrolls
 k - a scroll of enchant armour
 p - 3 scrolls of remove curse
 s - 4 scrolls of identify
 y - a scroll of immolation
 C - 2 scrolls of amnesia
Potions
 f - 2 potions of cancellation
 A - a potion of flight
Miscellaneous
 r - a tin of tremorstones (3/3)
Comestibles
 d - 13 rations


   Skills:
 * Level 10.3 Fighting
 - Level 5.6(7.7) Axes
 * Level 8.2(9.0) Polearms
 + Level 7.3 Armour
 + Level 7.7 Dodging
 - Level 2.6 Unarmed Combat
 - Level 1.7 Spellcasting
 - Level 1.7 Transmutations


You had 5 spell levels left.
You knew the following spells:

 Your Spells              Type           Power        Failure   Level  Hunger
a - Beastly Appendage     Tmut           #.....       9%          1    #......
b - Sticks to Snakes      Tmut           #.......     13%         2    ###....
c - Blink                 Tloc           N/A          26%         2    ###....
d - Mephitic Cloud        Conj/Pois/Air  #.......     47%         3    ###....

Your spell library contained the following spells:

 Spells                   Type           Power        Failure   Level  Hunger
 Freeze                   Ice            #...         19%         1    #......
 Magic Dart               Conj           #...         19%         1    #......
 Call Imp                 Summ           #.......     26%         2    ###....
 Slow                     Hex            #.......     26%         2    ###....
 Spider Form              Tmut/Pois      #.........   36%         3    ###....
 Conjure Flame            Conj/Fire      #.......     47%         3    ###....
 Frozen Ramparts          Ice            #.....       47%         3    ###....
 Ozocubu's Armour         Chrm/Ice       #.......     47%         3    ###....
 Ice Form                 Ice/Tmut       #.......     77%         4    #####..
 Hailstorm                Conj/Ice       #.......     87%         4    #####..
 Summon Ice Beast         Ice/Summ       #.......     87%         4    #####..
 Blade Hands              Tmut           #.........   94%         5    ######.


Dungeon Overview and Level Annotations

Branches:
Dungeon (11/15)            Temple (0/1) D:7            Lair (0/6) D:10
    Orc (2/2) D:9         Ossuary (visited)
    Elf: Orc:2

Shops:
D:5 !   D:9 *

Annotations:
D:3 haesbaert's ghost, amateur DsFi
D:6 2 transporters, groll's ghost, novice MiBe
D:9 Easy O:1, then Lair:


Innate Abilities, Weirdness & Mutations

You have an increased reservoir of magic. (+10% MP)


Message History

You see here 14 gold pieces.
The orc priest shouts!
You hear a shout!
The orc sorcerer gestures wildly while chanting.
An orc comes into view. It is wielding a +0 club.
The orc sorcerer shouts!
The orc shouts!
An orc warrior comes into view. It is wielding a +0 trident.
The orc sorcerer points at you and mumbles some strange words.
You suddenly lose the ability to move!
The orc barely misses you.
The orc warrior throws a boomerang.
The boomerang hits you!
The weapon returns to the orc warrior!
The orc hits you.
The orc warrior hits you but does no damage.
The orc sorcerer casts a spell at you. The bolt of fire hits you!!
* * * LOW HITPOINT WARNING * * *
The orc sorcerer's eyes start to glow.
The orc hits you.
* * * LOW HITPOINT WARNING * * *
The orc warrior hits you from afar with a +0 halberd!
You die...

...)#.#).o.............
#.#)#[[)..o.#........#
#)..#.###............
##)#####.#o.......o...
#....##...............
.......#....oo.....#.......
..............o$.#..oo...#.##
...............o##......#...#
................@o.o...##..$#
......................o....##
............................#
.#...#................#
.................<..#
.........<........##
..................#
............<......#
.........##........#


You could see 2 orc sorcerers, 2 orc warriors, an orc priest, 3 orc wizards and
3 orcs.

Vanquished Creatures
  A stone giant (Orc:2)
  An unseen horror (D:10)
  A wizard (D:10)
  Pikel (D:8)
  A deep elf mage (D:10)
  3 trolls
  3 hippogriffs
  A shadow (D:10)
  A vampire (D:9)
  12 yaks
  2 wyverns (D:10)
  Menkaure (D:4)
  4 wargs (Orc:2)
  A swamp drake (D:9)
  2 porcupines (D:10)
  Duvessa (D:7)
  14 orc warriors
  An ice beast (D:5)
  A slave (D:8)
  3 sky beasts
  2 black bears
  2 phantoms
  8 ogres
  4 centaurs
  3 big kobolds
  6 bullfrogs
  Dowan (D:7)
  A water moccasin zombie (D:9)
  3 scorpions
  5 wights
  3 howler monkeys
  5 crimson imps
  6 hounds
  3 bullfrog zombies
  3 quasits
  3 bullfrog skeletons
  12 orc priests
  4 centaur skeletons
  3 iguanas
  An iron imp (D:5)
  23 orc wizards
  6 worker ants
  A killer bee zombie (D:8)
  4 big kobold zombies (Ossuary)
  A hound skeleton (D:8)
  A mummy (Ossuary)
  A gnoll (D:5)
  7 adders
  4 shadow imps
  An adder skeleton (D:5)
  2 worms (D:2)
  2 dart slugs
  12 leopard geckos
  66 orcs
  3 spectral bats (Ossuary)
  A ball python (D:4)
  5 bats
  4 giant cockroaches
  12 goblins
  6 hobgoblins
  29 jackals
  12 kobolds
  4 quokkas
  4 bat simulacra (Ossuary)
  A frilled lizard (D:2)
  8 gnoll zombies (Ossuary)
  3 goblin simulacra (Ossuary)
  8 goblin zombies
  3 hobgoblin zombies (Ossuary)
  3 kobold simulacra (Ossuary)
  5 kobold zombies (Ossuary)
  2 leopard gecko skeletons
  3 orc zombies (Ossuary)
  A quokka zombie (D:6)
  5 rats
  2 rat simulacra (Ossuary)
  2 spectral kobolds (Ossuary)
  2 spectral rats (Ossuary)
  A fungus (D:10)
393 creatures vanquished.

Vanquished Creatures (others)
  An orc warrior (D:9)
  A slave (D:8)
  A goblin (D:1)
  A fungus (D:10)
  2 plants (D:10)
6 creatures vanquished.

Grand Total: 399 creatures vanquished

Notes
Turn   | Place    | Note
-------+----------+-------------------------------------------
     0 | D:1      | Amplified the Demigod Transmuter began the quest for the
                  | Orb.
     0 | D:1      | Reached XP level 1. HP: 15/15 MP: 5/5
   112 | D:1      | Reached skill level 1 in Fighting
   430 | D:1      | Reached XP level 2. HP: 23/23 MP: 7/7
   947 | D:1      | Reached skill level 1 in Armour
  1081 | D:2      | Learned a level 2 spell: Sticks to Snakes
  1124 | D:2      | Reached XP level 3. HP: 19/29 MP: 8/8
  1268 | D:2      | Reached skill level 2 in Fighting
  1719 | D:3      | Found a transporter.
  1719 | D:3      | Noticed haesbaert's ghost (amateur DsFi)
  1858 | D:3      | Found a transporter.
  2161 | D:3      | Reached XP level 4. HP: 31/36 MP: 9/9
  2666 | D:5      | Entered Level 5 of the Dungeon
  2715 | D:5      | Reached skill level 1 in Axes
  3228 | D:6      | Noticed groll's ghost (novice MiBe)
  3231 | D:6      | Found a transporter.
  3254 | D:6      | Found a transporter.
  3362 | D:6      | Found a sand-covered staircase.
  3369 | D:6      | Noticed a bullfrog
  3387 | D:6      | Killed a bullfrog
  3387 | D:6      | Reached XP level 5. HP: 11/44 MP: 10/10
  3599 | Ossuary  | Entered an ossuary
  4190 | Ossuary  | Reached skill level 3 in Fighting
  4936 | Ossuary  | Reached XP level 6. HP: 42/51 MP: 11/11
  6034 | D:5      | Found Zuizyrph's Distillery.
  6042 | D:5      | Bought a potion of curing for 30 gold pieces
  6042 | D:5      | Bought a potion of heal wounds for 50 gold pieces
  6042 | D:5      | Bought a potion of might for 40 gold pieces
  6042 | D:5      | Bought a potion of stabbing for 40 gold pieces
  6467 | D:5      | Reached skill level 4 in Fighting
  6706 | D:5      | Reached XP level 7. HP: 44/59 MP: 12/12
  6789 | D:5      | Found a snail-covered altar of Cheibriados.
  7822 | D:4      | Noticed Menkaure
  7829 | D:4      | Killed Menkaure
  7829 | D:4      | Reached skill level 5 in Fighting
  8120 | D:4      | Found a basalt altar of Yredelemnul.
  8428 | D:4      | Reached XP level 8. HP: 45/68 MP: 13/13
  8831 | D:3      | Found a shadowy altar of Dithmenos.
  9558 | D:8      | Found a hazy altar of Hepliaklqana.
  9637 | D:8      | Reached skill level 5 in Axes
  9903 | D:8      | Found a stormy altar of Qazlal.
  9947 | D:8      | Reached skill level 6 in Fighting
 10036 | D:8      | Identified the +7 spear of Fortitude {protect, Str+4 Int+4}
 10317 | D:8      | Noticed a troll
 10518 | D:8      | Reached skill level 1 in Polearms
 10826 | D:8      | Reached skill level 5 in Dodging
 11003 | D:8      | Reached XP level 9. HP: 78/78 MP: 14/14
 11306 | D:8      | Noticed Pikel
 11351 | D:8      | Killed Pikel
 11351 | D:8      | Reached skill level 7 in Fighting
 11351 | D:8      | Reached skill level 5 in Armour
 12385 | D:7      | Noticed Dowan
 12386 | D:7      | Noticed Duvessa
 12398 | D:7      | Killed Duvessa
 12400 | D:7      | Killed Dowan
 12516 | D:7      | Found a staircase to the Ecumenical Temple.
 13226 | D:9      | Reached XP level 10. HP: 88/88 MP: 15/15
 13238 | D:9      | Reached skill level 8 in Fighting
 13438 | D:9      | Reached skill level 5 in Polearms
 13606 | D:9      | Found a staircase to the Orcish Mines.
 13787 | D:9      | Found Sablilul's Assorted Antiques.
 14621 | D:9      | Found a white marble altar of Elyvilon.
 14631 | D:10     | Entered Level 10 of the Dungeon
 14631 | D:10     | Noticed a wizard
 14643 | D:10     | Killed a wizard
 14643 | D:10     | Reached skill level 9 in Fighting
 14644 | D:10     | Noticed a deep elf mage
 14664 | D:10     | Killed a deep elf mage
 15294 | D:10     | Reached XP level 11. HP: 90/97 MP: 17/17
 15882 | D:10     | Found a staircase to the Lair.
 16986 | D:10     | Killed an unseen horror
 17111 | D:11     | Noticed a six-headed hydra
 17111 | D:11     | Noticed a two-headed ogre
 17169 | D:11     | Noticed a two-headed ogre
 17280 | Orc:1    | Entered Level 1 of the Orcish Mines
 17338 | Orc:1    | Learned a level 2 spell: Blink
 17342 | Orc:1    | Learned a level 3 spell: Mephitic Cloud
 17656 | Orc:2    | Entered Level 2 of the Orcish Mines
 17760 | D:9      | Reached skill level 10 in Fighting
 18039 | Orc:2    | Noticed a stone giant
 18056 | Orc:2    | Killed a stone giant
 18141 | Orc:2    | Paralysed by an orc sorcerer for 3 turns
 18358 | Orc:2    | Paralysed by an orc sorcerer for 6 turns
 18361 | Orc:2    | Slain by an orc warrior

Illustrated notes

Levels and vault maps discovered:
D:1:      shiori_arrival_oz, layout_loops_ring, serial_bayou_pond_e,
          patterned_corridor
D:2:      layout_rooms
D:3:      layout_loops_corners, gammafunk_ghost_arena,
          minmay_misc_feat_more_columns, grunt_dithmenos_smoke_and_mirrors
D:4:      minmay_chambers_of_fours, layout_basic, old_standard_altar,
          first_ration, uniq_menkaure
D:5:      layout_basic, serial_shops, kennysheep_mini_moat,
          kennysheep_cross_bottleneck, st_stairs_10, chei_slow_surprise
D:6:      layout_basic, gammafunk_ghost_arena, enter_ossuary_4
D:7:      layout_loops_corners, minmay_temple_entry_drinking_statues,
          uniq_duvessa
D:8:      layout_gridville, chequers_temple_overflow_statue_of_worship,
          minmay_alternating_orb, uniq_pikel
D:9:      layout_loops_ring, kennysheep_little_box, erik_orc_1, serial_shops,
          shop
D:10:     cheibrodos_elevator_heist, layout_basic,
          grunt_lair_entry_orc_guard_hut
D:11:     layout_stronghold
Orc:1:    layout_caves, mines2_david, uniq_josephine
Orc:2:    st_orc_town, layout_caves

Skill      XL: |  1  2  3  4  5  6  7  8  9 10 11 |
---------------+----------------------------------+-----
Fighting       | 1 2 3 4 5 6 7 9 10 | 10.3
Dodging        | 2 3 4 5 6 7 |  7.7
Armour         | 1 2 3 4 5 6 7 |  7.3
Axes           | 1 2 3 4 5 |  5.6
Polearms       | 1 4 6 8 |  8.2
Unarmed Combat | |  2.6
Spellcasting   | |  1.7
Transmutations | |  1.7

Action                   |  1- 3 |  4- 6 |  7- 9 | 10-12 || total
-------------------------+-------+-------+-------+-------++-------
Melee: Unarmed           |    83 |       |       |       ||    83
       Headbutt          |     8 |       |       |       ||     8
       Kick              |     8 |     3 |       |       ||    11
       Punch             |     1 |     4 |     5 |    13 ||    23
       Broad axe         |    25 |    57 |       |       ||    82
       Spear             |       |   317 |   534 |   680 ||  1531
Throw: Throwing net      |       |       |     1 |       ||     1
       Dart              |       |       |     4 |    17 ||    21
 Cast: Beastly Appendage |    18 |     1 |       |       ||    19
       Mephitic Cloud    |       |       |       |     2 ||     2
Evoke: Wand              |       |     3 |     8 |    17 ||    28
  Use: Potion            |     4 |     4 |     6 |     8 ||    22
       Scroll            |     2 |    12 |     9 |     8 ||    31
 Stab: Sleeping          |     3 |     8 |     1 |     9 ||    21
       Held in net/web   |       |       |     1 |       ||     1
       Paralysed         |       |       |       |    14 ||    14
       Confused          |       |       |       |     5 ||     5
       Invisible         |       |       |       |     3 ||     3
       Distracted        |       |       |       |     1 ||     1
  Eat: Chunk             |     4 |     8 |    17 |     3 ||    32
       Ration            |       |     2 |     2 |     3 ||     7
Armor: Robe              |    21 |    52 |    58 |       ||   131
       Skin              |       |       |     6 |     8 ||    14
       Scale mail        |       |       |    52 |       ||    52
       Leather armour    |       |       |    10 |   121 ||   131
Dodge: Dodged            |    74 |   248 |   269 |   364 ||   955
